 Dungeon Crawl Stone Soup version 0.31-a0-557-g6e16503903 (webtiles) character file.

Game seed: 1871068718951929665

440 Shayle the Trooper (level 7, -2/71 HPs)
             Began as an Ogre Shapeshifter on Aug 17, 2023.
             Slain by Prince Ribbit (7 damage)
             ... on level 5 of the Dungeon.
             The game lasted 00:11:59 (3812 turns).

Shayle the Trooper (Ogre Shapeshifter)              Turns: 3812, Time: 00:11:59

Health: -2/71      AC:  3    Str: 20    XL:     7   Next: 2%
Magic:  9/9        EV: 10    Int: 11    God:
Gold:   145        SH:  0    Dex:  9    Spells: 4/8 levels left

rFire   . .          .
                       - Unarmed
rCold   . . .        (no shield)
rNeg    . . .        a - +0 animal skin
rPois   .            (helmet currently unavailable)
rElec   .            (cloak currently unavailable)
rCorr   .            (gloves unavailable)
SInv    .            (boots unavailable)
Will    .....        (no amulet)
Stlth   +            (no ring)
HPRegen 0.31/turn    (no ring)
MPRegen 0.11/turn

%: no passive effects
@: beast-form
A: beast (slay +2), large, unfitting armour, tough skin 1
a: Begin Untransformation


You were on level 5 of the Dungeon.
You were a hulking beast.
You visited 1 branch of the dungeon, and saw 5 of its levels.

You collected 145 gold pieces.

Inventory:

Hand Weapons
 t - a +3 short sword
Missiles
 j - 2 atropa-tipped darts (quivered)
Armour
 a - a +0 animal skin (worn)
Jewellery
 q - a +6 ring of dexterity
 w - an amulet of reflection
Talismans
 c - a beast talisman (active)
 d - a flux talisman
Wands
 b - a wand of light (1)
Scrolls
 f - a scroll of identify {unknown}
 h - a scroll of enchant weapon {unknown}
 o - a scroll of silence {unknown}
 s - a scroll of torment {unknown}
Potions
 e - a potion of enlightenment {unknown}
 g - a potion of berserk rage {unknown}
 i - a potion of heal wounds {unknown}
 l - a potion of mutation {unknown}
 m - a potion of curing
 n - a potion of might {unknown}
 p - a potion of experience {unknown}
 r - a potion of degeneration {unknown}
 u - a potion of magic {unknown}
 v - a potion of attraction {unknown}


   Skills:
 + Level 4.6 Fighting
 - Level 3.2 Dodging
 + Level 4.2 Unarmed Combat
 + Level 1.3 Spellcasting
 + Level 1.1 Necromancy
 - Level 3.9 Shapeshifting


You had 4 spell levels left.
You knew the following spells:

 Your Spells              Type           Power      Damage    Failure   Level
a - Necrotise             Necr           12%        1d4       21%         1
b - Vampiric Draining     Necr           3%         2d6       52%         3

Your spell library contained the following spells:

 Spells                   Type           Power      Damage    Failure   Level
 Kiss of Death            Conj/Necr      4%         2d5       26%         1
 Lesser Beckoning         Tloc           0%         N/A       43%         2
 Confusing Touch          Hex            0%         N/A       67%         3
 Gell's Gravitas          Tloc           0%         N/A       67%         3
 Teleport Other           Tloc           0%         N/A       67%         3
 Dispel Undead            Necr           3%         3d7       89%         4
 Agony                    Necr           3%         N/A       99%         5
 Alistair's Intoxication  Tmut/Pois      0%         N/A       100%        5
 Borgnjor's Vile Clutch   Necr/Erth      0%         N/A       100%        5
 Eringya's Noxious Bog    Tmut/Pois      0%         4d6       100%        6


Dungeon Overview and Level Annotations

Branches:
Dungeon (5/15)
 Temple: D:4-7

Altars:
Gozag

Shops:
D:1 (

Annotations:
D:5 Prince Ribbit


Innate Abilities, Weirdness & Mutations

You are a hulking beast.
Your limbs bulge with bestial killing power. (Slay +2)
You are too large for most types of armour.
You have tough skin. (AC +1)


Message History

You hit Prince Ribbit.
Prince Ribbit is moderately wounded.
Prince Ribbit hits you.
You closely miss Prince Ribbit.
Prince Ribbit is moderately wounded.
Prince Ribbit hits you!
You punch Prince Ribbit!
Prince Ribbit is severely wounded.
Prince Ribbit hits you.
You closely miss Prince Ribbit.
Prince Ribbit is severely wounded.
Prince Ribbit blinks!
Aiming: Bolt of Light
Press: ? - help, Shift-Dir - straight line, f - Prince Ribbit
Aim: Prince Ribbit (severely wounded, 50% to hit)
The bolt of light misses Prince Ribbit.
Aiming: Bolt of Light
Press: ? - help, Shift-Dir - straight line, f/p - Prince Ribbit
Aim: Prince Ribbit (heavily wounded, 50% to hit)
The bolt of light hits Prince Ribbit!
Prince Ribbit is almost dead.
Prince Ribbit is blinded.
Aiming: Bolt of Light
Press: ? - help, Shift-Dir - straight line, f/p - Prince Ribbit
Aim: Prince Ribbit (almost dead, blind, 50% to hit)
The bolt of light misses Prince Ribbit.
Prince Ribbit blinks!
Prince Ribbit blinks!
Prince Ribbit hits you!
* * * LOW HITPOINT WARNING * * *
You closely miss Prince Ribbit.
Prince Ribbit is severely wounded.
Prince Ribbit hits you!
* * * LOW HITPOINT WARNING * * *
Prince Ribbit hits you.
* * * LOW HITPOINT WARNING * * *
You punch Prince Ribbit!
Prince Ribbit is almost dead.
Prince Ribbit lets out a mournful croak.
Prince Ribbit hits you!
You die...

..........
#...(.....
#.........
#...[...).
###(........
#########...........
#........)#.........
#.<.......#.........
#......hF.#.........
##+##.......).......
#.......########
#.......# #.......#
........# ..#+#....#
... .#..#


You could see Prince Ribbit (blind).

Vanquished Creatures
  Eustachio (D:4)
  A phantom (D:4)
  A hound (D:4)
  A sleepcap (D:4)
  Ijyb (D:3)
  7 adders
  An ufetubus (D:4)
  2 worms
  2 dart slugs
  An orc (D:4)
  9 bats
  6 endoplasms
  2 giant cockroaches
  6 goblins
  4 hobgoblins
  2 jackals (D:4)
  2 kobolds
  4 quokkas
  8 ball pythons
  7 frilled lizards
  3 rats
71 creatures vanquished.

Notes
Turn   | Place    | Note
-------+----------+-------------------------------------------
     0 | D:1      | Shayle the Ogre Shapeshifter began the quest for the Orb.
     0 | D:1      | Reached XP level 1. HP: 19/19 MP: 1/1
    58 | D:1      | Reached XP level 2. HP: 21/28 MP: 2/2
   196 | D:1      | Found Fagik's Weapon Shop.
   515 | D:1      | Reached XP level 3. HP: 11/35 MP: 3/3
   996 | D:2      | Reached XP level 4. HP: 42/44 MP: 4/4
  1477 | D:2      | Found a faded altar of an unknown god.
  1603 | D:3      | Noticed Ijyb
  1612 | D:3      | Killed Ijyb
  1613 | D:3      | Reached XP level 5. HP: 13/53 MP: 5/5
  2823 | D:4      | Noticed a phantom
  2839 | D:4      | Killed a phantom
  2840 | D:4      | Reached XP level 6. HP: 52/62 MP: 6/6
  2981 | D:4      | Learned a level 1 spell: Necrotise
  2985 | D:4      | Learned a level 3 spell: Vampiric Draining
  3052 | D:4      | Found an opulent altar of Gozag.
  3147 | D:4      | Noticed Eustachio
  3166 | D:4      | Killed Eustachio
  3167 | D:4      | Reached skill level 1 in Spellcasting
  3167 | D:4      | Reached skill level 1 in Necromancy
  3167 | D:4      | Reached XP level 7. HP: 5/71 MP: 6/9
  3468 | D:5      | Entered Level 5 of the Dungeon
  3480 | D:5      | Noticed Prince Ribbit
  3518 | D:4      | Identified a scroll of acquirement
  3518 | D:4      | Acquired 1197 gold pieces
  3812 | D:5      | Slain by Prince Ribbit

Illustrated notes

Levels and vault maps discovered:
D:1:      pf_arrival_petrified_forest, layout_rooms, serial_shops,
          nicolae_shop_hallway_plus
D:2:      layout_loops_cross, shapermc_ecumenical_altar_mp_highgroup,
          minmay_heptomino_o4
D:3:      layout_loops_ring, uniq_ijyb
D:4:      layout_basic, kennysheep_little_box, uniq_eustachio
D:5:      layout_basic, okawaru_ov_weapons_minmay, ebering_ghost_gozag,
          serial_shops, nicolae_shop_industrial_runoff, st_stairs_9,
          nicolae_shop_vocational, uniq_prince_ribbit1

Skill      XL: |  1  2  3  4  5  6 |
---------------+-------------------+-----
Dodging        | 2 3 |  3.2
Fighting       | 2 3 4 |  4.6
Unarmed Combat | 3 4 |  4.2
Spellcasting   | 1 |  1.3
Necromancy     | 1 |  1.1
Shapeshifting  | |  3.9

Action                     |  1- 3 |  4- 6 |  7- 9 || total
---------------------------+-------+-------+-------++-------
  Melee: Unarmed           |   109 |   151 |    20 ||   280
         Punch             |       |     3 |       ||     3
  Throw: Dart              |       |       |     3 ||     3
  Evoke: Wand              |       |     7 |     3 ||    10
    Use: Potion            |       |     1 |     2 ||     3
         Scroll            |       |       |     1 ||     1
   Stab: Invisible         |       |     1 |       ||     1
 Armour: Animal skin       |    41 |    41 |       ||    82
         Skin              |       |     4 |       ||     4
  Dodge: Dodged            |    69 |   108 |     8 ||   185

Table legend: (Time is in decaauts)
 A = Elapsed time spent in this place.
 B = Non-inter-level travel time spent in this place.
 C = Inter-level travel time spent in this place.
 D = Time resting spent in this place.
 E = Time spent auto-exploring this place.
 F = Levels seen in this place.
 G = Mean time per level.
                   A        B        C        D        E       F      G
               +--------+--------+--------+--------+--------+-----+--------+
         Total |   3794 |   3743 |     51 |    982 |   1940 |   5 |  758.8 |
       Dungeon |   3794 |   3743 |     51 |    982 |   1940 |   5 |  758.8 |
               +--------+--------+--------+--------+--------+-----+--------+

Top non-repeatable levels by time:
     D:4: 1173 daAuts
     D:3: 981 daAuts
     D:2: 947 daAuts
     D:1: 628 daAuts
     D:5: 63 daAuts
